[Event "European School-ch 2019"]
[Site "Mamaia"]
[Date "2019.06.01"]
[Round "2.1"]
[White "Paraschiv, Paul-Alexandru"]
[Black "Schitco, Ivan"]
[Result "0-1"]
[ECO "A45"]
[WhiteElo "2055"]
[BlackElo "2458"]
[Annotator "ChessBase"]
[PlyCount "54"]
[EventDate "2019.05.31"]
[EventType "swiss"]
[EventCountry "ROU"]
[SourceTitle "playchess.com"]
[Source "ChessBase"]
[SourceQuality "1"]
[TimeControl "40/5400+30:1800+30"]

1. d4 Nf6 2. Bg5 d5 3. e3 c5 4. Bxf6 gxf6 5. Bb5+ Nc6 6. dxc5 e6 7. c4 dxc4 8. Qf3 Bd7 9. Nc3 a6 10. Bxc4 Ne5 11. Qe2 Bxc5 12. Nf3 Nxc4 13. Qxc4 Be7 14. Rd1 Qb6 15. O-O Rc8 16. Qd3 Rd8 17. Qc2 Qc7 18. Rd4 f5 19. Rfd1 Rg8 20. Qd2 Bf6 21. Rd6 Bc6 22. Rxd8+ Qxd8 23. Qe2 Qb6 24. Kh1 Qb4 25. a3 Qg4 26. Rg1 Bxc3 27. bxc3 Ke7 0-1

[Event "European School-ch 2019"]
[Site "Mamaia"]
[Date "2019.06.01"]
[Round "2.2"]
[White "Stoleriu, George"]
[Black "Zemnitskiy, Alexander"]
[Result "1/2-1/2"]
[ECO "B30"]
[WhiteElo "2372"]
[BlackElo "2024"]
[Annotator "ChessBase"]
[PlyCount "45"]
[EventDate "2019.05.31"]
[EventType "swiss"]
[EventCountry "ROU"]
[SourceTitle "playchess.com"]
[Source "ChessBase"]
[SourceQuality "1"]
[TimeControl "40/5400+30:1800+30"]

1. e4 c5 2. Nf3 Nc6 3. b3 Nf6 4. Nc3 d5 5. exd5 Nxd5 6. Bb2 Bg4 7. Bc4 e6 8. Nxd5 exd5 9. Bb5 d4 10. Bxc6+ bxc6 11. Qe2+ Be7 12. Qe4 Bxf3 13. Qxf3 Qd5 14. Qxd5 cxd5 15. O-O-O Kd7 16. Rhe1 Bf6 17. Re2 Rhe8 18. Rde1 Re6 19. d3 Ra6 20. Kb1 Re6 21. Kc1 Ra6 22. Kb1 Re6 23. Kc1 1/2-1/2

[Event "European School-ch 2019"]
[Site "Mamaia"]
[Date "2019.06.01"]
[Round "2.3"]
[White "Ozdemir, Serhan Berat"]
[Black "Mammadov, Sadig"]
[Result "0-1"]
[ECO "C03"]
[WhiteElo "1950"]
[BlackElo "2208"]
[Annotator "ChessBase"]
[PlyCount "118"]
[EventDate "2019.05.31"]
[EventType "swiss"]
[EventCountry "ROU"]
[SourceTitle "playchess.com"]
[Source "ChessBase"]
[SourceQuality "1"]
[TimeControl "40/5400+30:1800+30"]

1. e4 e6 2. d4 d5 3. Nd2 a6 4. Ngf3 c5 5. dxc5 Bxc5 6. Bd3 Nc6 7. c3 Nf6 8. Qe2 O-O 9. e5 Nd7 10. Nb3 Be7 11. O-O Qc7 12. Bf4 b5 13. Rfe1 Rd8 14. h4 Nf8 15. h5 b4 16. cxb4 Nxb4 17. Rac1 Qb7 18. Bb1 Bd7 19. Nfd4 Bb5 20. Nxb5 axb5 21. a3 Nc6 22. Qg4 Ra4 23. Qg3 Nd4 24. Nxd4 Rxd4 25. Bg5 Bxg5 26. Qxg5 Re8 27. h6 Ng6 28. hxg7 Qe7 29. Qe3 Rg4 30. Bxg6 hxg6 31. f3 Rh4 32. g3 Rh7 33. Kg2 Kxg7 34. Rh1 Reh8 35. Rxh7+ Rxh7 36. Qf4 Rh8 37. Rh1 Rxh1 38. Kxh1 Qd8 39. Qd4 Qc7 40. Qf4 Qb6 41. Kg2 d4 42. Kf2 d3+ 43. Ke1 Qc7 44. Qg5 Kf8 45. Qe3 Qc4 46. Qf4 Qd5 47. Qe3 Kg8 48. Qe4 Qc5 49. Qf4 Qg1+ 50. Kd2 Qb1 51. Qd4 Qc2+ 52. Ke3 Qe2+ 53. Kf4 g5+ 54. Kg4 Kg7 55. Qd7 d2 56. Qe7 Qxe5 57. Qd8 Qf5+ 58. Kh5 g4+ 59. Kh4 Qf6+ 0-1

[Event "European School-ch 2019"]
[Site "Mamaia"]
[Date "2019.06.01"]
[Round "2.5"]
[White "Denisov, Timofey"]
[Black "Gayun, Dmytro"]
[Result "0-1"]
[ECO "D45"]
[WhiteElo "1788"]
[BlackElo "2271"]
[Annotator "ChessBase"]
[PlyCount "52"]
[EventDate "2019.05.31"]
[EventType "swiss"]
[EventCountry "ROU"]
[SourceTitle "playchess.com"]
[Source "ChessBase"]
[SourceQuality "1"]
[TimeControl "40/5400+30:1800+30"]

1. d4 d5 2. c4 e6 3. Nc3 Nf6 4. Nf3 c6 5. e3 Be7 6. Qc2 O-O 7. b3 Nbd7 8. Bd3 b6 9. O-O Bb7 10. e4 dxe4 11. Nxe4 Nxe4 12. Bxe4 Nf6 13. Bd3 c5 14. dxc5 Bxf3 15. gxf3 Bxc5 16. Bb2 h6 17. Kh1 Qe7 18. Rg1 Nh5 19. Qd2 g5 20. h4 f6 21. hxg5 hxg5 22. Bg6 Rad8 23. Qc1 Nf4 24. Bb1 Kf7 25. Rg4 Rh8+ 26. Kg1 Ne2+ 0-1

[Event "European School-ch 2019"]
[Site "Mamaia"]
[Date "2019.06.01"]
[Round "2.6"]
[White "Celik, Eylul"]
[Black "Sahin, Hayrun Nisa"]
[Result "1/2-1/2"]
[ECO "E81"]
[WhiteElo "1841"]
[BlackElo "1734"]
[Annotator "NA"]
[PlyCount "42"]
[EventDate "2019.05.31"]
[EventType "swiss"]
[EventCountry "ROU"]
[SourceTitle "playchess.com"]
[Source "ChessBase"]
[SourceQuality "1"]
[TimeControl "40/5400+30:1800+30"]

1. d4 Nf6 2. c4 g6 3. Nc3 Bg7 4. e4 d6 5. f3 O-O 6. Be3 c5 7. Nge2 cxd4 8. Nxd4 Nc6 9. Be2 Nxd4 10. Bxd4 Be6 11. O-O Qa5 12. Kh1 Rfc8 13. Nd5 Nxd5 14. exd5 Bd7 15. Bxg7 Kxg7 16. a3 b5 17. Qd4+ Kg8 18. b4 Qb6 19. Qe4 bxc4 20. Bxc4 Rxc4 21. Qxc4 Bb5 1/2-1/2

[Event "European School-ch 2019"]
[Site "Mamaia"]
[Date "2019.06.01"]
[Round "2.7"]
[White "Vilcu, Matei-Stefan"]
[Black "Ceres, Dragos"]
[Result "0-1"]
[ECO "C55"]
[WhiteElo "1991"]
[BlackElo "2291"]
[Annotator "ChessBase"]
[PlyCount "82"]
[EventDate "2019.05.31"]
[EventType "swiss"]
[EventCountry "ROU"]
[SourceTitle "playchess.com"]
[Source "ChessBase"]
[SourceQuality "1"]
[TimeControl "40/5400+30:1800+30"]

1. e4 e5 2. Nf3 Nc6 3. Bc4 Nf6 4. d3 h6 5. a4 d6 6. a5 a6 7. O-O g5 8. c3 Bg7 9. Re1 O-O 10. Nfd2 Ne7 11. Nf1 Ng6 12. g3 c6 13. Qe2 d5 14. Bb3 Be6 15. Nbd2 Qd7 16. Bc2 Bg4 17. Nf3 Nh5 18. Ne3 Nhf4 19. gxf4 Nh4 20. Nxe5 Bxe2 21. Nxd7 Nf3+ 22. Kh1 Nxe1 23. Nxf8 gxf4 24. Bd1 Bxd3 25. Ng2 Nxg2 26. Kxg2 Bxe4+ 27. f3 Bf5 28. Bxf4 Bxf8 29. Be3 Re8 30. Kf2 Kh7 31. Ra4 c5 32. Bb3 Rd8 33. Rf4 Kg6 34. h4 h5 35. Ra4 Be7 36. Kg3 Bd3 37. Ra1 Kf5 38. Rd1 c4 39. Ba2 Rg8+ 40. Kh3 Bd6 41. Bf2 Kf4 0-1

[Event "European School-ch 2019"]
[Site "Mamaia"]
[Date "2019.06.01"]
[Round "2.8"]
[White "Ognean, Mihnea-Ionut"]
[Black "Kasaeva, Sofiia"]
[Result "1-0"]
[ECO "C55"]
[WhiteElo "2260"]
[BlackElo "1890"]
[Annotator "ChessBase"]
[PlyCount "89"]
[EventDate "2019.05.31"]
[EventType "swiss"]
[EventCountry "ROU"]
[SourceTitle "playchess.com"]
[Source "ChessBase"]
[SourceQuality "1"]
[TimeControl "40/5400+30:1800+30"]

1. e4 e5 2. Nf3 Nc6 3. Bc4 Nf6 4. d3 Be7 5. O-O O-O 6. Re1 d6 7. a4 Na5 8. Ba2 c5 9. c3 Nc6 10. Na3 a6 11. Bd2 Bg4 12. h3 Bh5 13. Nc4 b5 14. axb5 axb5 15. Ne3 Na5 16. g4 Bg6 17. Nh4 c4 18. Nxg6 fxg6 19. b3 cxb3 20. Bxb3+ Kh8 21. Ba2 Nd7 22. Nd5 Bg5 23. Kg2 Nc5 24. Bxg5 Qxg5 25. Qe2 Ra7 26. Rab1 Raf7 27. Rf1 Rf3 28. Rxb5 Nab7 29. Qxf3 Rxf3 30. Kxf3 h5 31. Bc4 Nd8 32. Rb8 Kh7 33. Ra1 Qh4 34. Kg2 hxg4 35. Rh1 g3 36. fxg3 Qg5 37. Rb2 Nde6 38. Rf2 Qh6 39. Ra1 Ng5 40. h4 Nge6 41. Ra7 Qc1 42. Re7 Qd1 43. Nf6+ Kh6 44. Bxe6 gxf6 45. Bg8 1-0

[Event "European School-ch 2019"]
[Site "Mamaia"]
[Date "2019.06.01"]
[Round "2.9"]
[White "Ochedzan, Tymon"]
[Black "Tinarlioglu, Emre"]
[Result "0-1"]
[ECO "B96"]
[WhiteElo "2064"]
[BlackElo "1907"]
[Annotator "NA"]
[PlyCount "80"]
[EventDate "2019.05.31"]
[EventType "swiss"]
[EventCountry "ROU"]
[SourceTitle "playchess.com"]
[Source "ChessBase"]
[SourceQuality "1"]
[TimeControl "40/5400+30:1800+30"]

1. e4 c5 2. Nf3 d6 3. d4 cxd4 4. Nxd4 Nf6 5. Nc3 a6 6. Bg5 e6 7. f4 h6 8. Bh4 Qb6 9. a3 Nc6 10. Bf2 Qc7 11. Qf3 Nxd4 12. Bxd4 e5 13. Be3 Be7 14. f5 b5 15. O-O-O Bb7 16. g4 Rc8 17. Bd3 Qa5 18. Bd2 b4 19. axb4 Qa1+ 20. Nb1 d5 21. exd5 Bxd5 22. Qe2 e4 23. Bxa6 Ba2 24. Bc3 Qxb1+ 25. Kd2 Rd8+ 26. Ke3 Nd5+ 27. Kxe4 Nxc3+ 28. bxc3 Bd5+ 29. Kf4 Qa2 30. Ra1 Qb2 31. Rhe1 O-O 32. Qxe7 Qxc3 33. Bd3 Qd2+ 34. Qe3 Qxh2+ 35. Qg3 g5+ 36. fxg6 fxg6+ 37. Bf5 g5+ 38. Ke3 Qxg3+ 39. Kd4 Be6+ 40. Ke4 Qf4# 0-1

[Event "European School-ch 2019"]
[Site "Mamaia"]
[Date "2019.06.01"]
[Round "2.10"]
[White "Bonciu, David"]
[Black "Balan, Bogdan"]
[Result "0-1"]
[ECO "B23"]
[WhiteElo "1886"]
[BlackElo "2027"]
[Annotator "NA"]
[PlyCount "60"]
[EventDate "2019.05.31"]
[EventType "swiss"]
[EventCountry "ROU"]
[SourceTitle "playchess.com"]
[Source "ChessBase"]
[SourceQuality "1"]
[TimeControl "40/5400+30:1800+30"]

1. e4 c5 2. Nc3 d6 3. d4 cxd4 4. Qxd4 Nc6 5. Qd2 Nf6 6. b3 g6 7. Bb2 Bg7 8. O-O-O O-O 9. f3 a6 10. Nge2 b5 11. Kb1 Nb8 12. g4 Nbd7 13. g5 Ne8 14. h4 Bb7 15. h5 Nc7 16. Nf4 Ne5 17. hxg6 hxg6 18. Qh2 Re8 19. Qh7+ Kf8 20. Ncd5 Nxd5 21. exd5 e6 22. dxe6 Qxg5 23. exf7 Kxf7 24. Nd3 Bxf3 25. Nxe5+ Rxe5 26. Bc4+ bxc4 27. Rdf1 Rh8 28. Rxf3+ Ke6 29. Qxh8 Bxh8 30. Bxe5 Qxe5 0-1

[Event "European School-ch 2019"]
[Site "Mamaia"]
[Date "2019.06.01"]
[Round "2.11"]
[White "Ovcharenko, Hryhoriy"]
[Black "Neshev, Nikola"]
[Result "0-1"]
[ECO "C47"]
[WhiteElo "1740"]
[BlackElo "1370"]
[Annotator "NA"]
[PlyCount "100"]
[EventDate "2019.05.31"]
[EventType "swiss"]
[EventCountry "ROU"]
[SourceTitle "playchess.com"]
[Source "ChessBase"]
[SourceQuality "1"]
[TimeControl "40/5400+30:1800+30"]

1. e4 e5 2. Nf3 Nc6 3. Bc4 Nf6 4. Nc3 Bb4 5. d3 d5 6. Bxd5 Nxd5 7. exd5 Qxd5 8. Bd2 Bxc3 9. Bxc3 Bg4 10. h3 Bxf3 11. Qxf3 Qxf3 12. gxf3 Nd4 13. Bxd4 exd4 14. Kd2 Kd7 15. Rhg1 g6 16. Rg5 c6 17. f4 Rhe8 18. h4 Re7 19. Re1 Rae8 20. Rxe7+ Rxe7 21. h5 Kd6 22. c3 dxc3+ 23. bxc3 f6 24. Rg1 gxh5 25. Rh1 Ke6 26. Rxh5 Kd7 27. d4 Ke8 28. Rh6 Rf7 29. c4 Kf8 30. Kd3 Kg7 31. Rh1 Kg6 32. d5 c5 33. Ke4 Re7+ 34. Kf3 f5 35. Rg1+ Kf6 36. Rh1 Kg7 37. Rg1+ Kf8 38. Rg5 Rf7 39. Kg3 Rg7 40. Kh4 Rxg5 41. Kxg5 b5 42. Kxf5 bxc4 43. Ke4 h5 44. f5 Ke7 45. Ke5 c3 46. d6+ Ke8 47. Ke6 c2 48. f6 c1=Q 49. d7+ Kd8 50. f4 Qxf4 0-1

[Event "European School-ch 2019"]
[Site "Mamaia"]
[Date "2019.06.01"]
[Round "2.12"]
[White "Andreev, Konstantin"]
[Black "Silich, Yahor"]
[Result "0-1"]
[ECO "E68"]
[WhiteElo "2276"]
[BlackElo "2082"]
[Annotator "ChessBase"]
[PlyCount "98"]
[EventDate "2019.05.31"]
[EventType "swiss"]
[EventCountry "ROU"]
[SourceTitle "playchess.com"]
[Source "ChessBase"]
[SourceQuality "1"]
[TimeControl "40/5400+30:1800+30"]

1. Nf3 Nf6 2. c4 g6 3. d4 Bg7 4. g3 O-O 5. Bg2 d6 6. O-O Nbd7 7. Nc3 e5 8. e4 exd4 9. Nxd4 Re8 10. Re1 Nc5 11. Qc2 Bd7 12. Nb3 Ne6 13. Bd2 Ng4 14. h3 Ne5 15. Ne2 b5 16. cxb5 Bxb5 17. Bc3 c5 18. f4 Nd3 19. Red1 c4 20. Nd2 Qb6+ 21. Kh2 Qe3 22. Nf1 Qf2 23. Bxg7 Kxg7 24. Qd2 Qc5 25. Ne3 f6 26. Nd5 Rf8 27. Rab1 h5 28. f5 Ng5 29. h4 Ne5 30. Nd4 Qxd4 31. Qxd4 Ngf3+ 32. Bxf3 Nxf3+ 33. Kg2 Nxd4 34. Rxd4 gxf5 35. exf5 Rac8 36. Nf4 Rfe8 37. Rxd6 Rc6 38. Rd7+ Kh6 39. a4 Ba6 40. Rxa7 Rb6 41. a5 Bb7+ 42. Kf2 Rb3 43. Re1 Rf3+ 44. Kg2 Rxe1 45. Rxb7 Rb3 46. a6 Ra1 47. Ng6 Ra5 48. Rf7 Rxb2+ 49. Kh3 Ra1 0-1

[Event "European School-ch 2019"]
[Site "Mamaia"]
[Date "2019.06.01"]
[Round "2.13"]
[White "Creanga, Robert-Ionut"]
[Black "Triboi, Alexander"]
[Result "1/2-1/2"]
[ECO "A65"]
[WhiteElo "2128"]
[BlackElo "1748"]
[Annotator "ChessBase"]
[PlyCount "43"]
[EventDate "2019.05.31"]
[EventType "swiss"]
[EventCountry "ROU"]
[SourceTitle "playchess.com"]
[Source "ChessBase"]
[SourceQuality "1"]
[TimeControl "40/5400+30:1800+30"]

1. d4 Nf6 2. c4 e6 3. Nc3 c5 4. d5 exd5 5. cxd5 d6 6. e4 g6 7. f3 Bg7 8. Nge2 h5 9. Bg5 O-O 10. Ng3 Qb6 11. Qd2 Nh7 12. Bh4 Nd7 13. Be2 Ne5 14. Nf1 f5 15. Bf2 f4 16. Qc2 Bd7 17. Nd2 Qd8 18. a4 Rb8 19. Nb5 Bxb5 20. axb5 a6 21. O-O a5 22. Ra3 1/2-1/2

[Event "European School-ch 2019"]
[Site "Mamaia"]
[Date "2019.06.01"]
[Round "2.14"]
[White "Kanli, Alperen"]
[Black "Tashev, Aleksandar"]
[Result "1-0"]
[ECO "B34"]
[WhiteElo "1790"]
[BlackElo "2119"]
[Annotator "ChessBase"]
[PlyCount "91"]
[EventDate "2019.05.31"]
[EventType "swiss"]
[EventCountry "ROU"]
[SourceTitle "playchess.com"]
[Source "ChessBase"]
[SourceQuality "1"]
[TimeControl "40/5400+30:1800+30"]

1. e4 c5 2. Nf3 Nc6 3. d4 cxd4 4. Nxd4 g6 5. Nc3 Bg7 6. Be3 Nf6 7. Nxc6 bxc6 8. e5 Ng8 9. Bd4 f6 10. f4 Qa5 11. Qe2 c5 12. exf6 Nxf6 13. Be5 O-O 14. Qf3 Ba6 15. Bxa6 Qxa6 16. Nd5 Nxd5 17. Qxd5+ e6 18. Qd6 Qc4 19. O-O-O Bxe5 20. Qxe5 Rad8 21. Kb1 Rxf4 22. Qc7 Rdf8 23. b3 Qc3 24. Qxd7 e5 25. Qe6+ Kg7 26. Rhe1 Rf2 27. Qxe5+ Qxe5 28. Rxe5 c4 29. Re7+ Kh6 30. bxc4 Rxg2 31. Rdd7 Rff2 32. Rxh7+ Kg5 33. h4+ Kg4 34. Rd4+ Kg3 35. Rd3+ Kg4 36. Rc3 Rf6 37. c5 Rc6 38. Rc4+ Kh3 39. Rxa7 Re2 40. Ra5 Re5 41. Ra3+ Kg2 42. Rac3 Kf2 43. Kb2 Ke2 44. Kb3 Rf5 45. Kb4 Rf1 46. Kb5 1-0

[Event "European School-ch 2019"]
[Site "Mamaia"]
[Date "2019.06.01"]
[Round "2.15"]
[White "Levin, Guy"]
[Black "Larichev, Prokhor"]
[Result "1/2-1/2"]
[ECO "A04"]
[WhiteElo "2054"]
[BlackElo "1764"]
[Annotator "NA"]
[PlyCount "170"]
[EventDate "2019.05.31"]
[EventType "swiss"]
[EventCountry "ROU"]
[SourceTitle "playchess.com"]
[Source "ChessBase"]
[SourceQuality "1"]
[TimeControl "40/5400+30:1800+30"]

1. Nf3 e6 2. g3 Nf6 3. Bg2 d5 4. c4 Bd6 5. O-O O-O 6. b3 b6 7. Bb2 Nbd7 8. cxd5 exd5 9. Nd4 c5 10. Nf5 Bb8 11. d4 Bb7 12. Nc3 g6 13. Ne3 cxd4 14. Ncxd5 Nxd5 15. Nxd5 Be5 16. Bxd4 Bxd4 17. Qxd4 Rc8 18. Rfd1 Bxd5 19. Qxd5 Nc5 20. Qe5 Qe8 21. Qxe8 Rfxe8 22. e3 a5 23. Rd6 Re6 24. Rad1 b5 25. Rd8+ Rxd8 26. Rxd8+ Kg7 27. Rb8 Rd6 28. Rxb5 Rd1+ 29. Bf1 Ne4 30. Kg2 Rd2 31. Rxa5 Rxf2+ 32. Kg1 Rb2 33. Bc4 Rb1+ 34. Kg2 Rb2+ 35. Kf3 Nd2+ 36. Kf4 Nxc4 37. bxc4 Rb4 38. Ra7 Rxc4+ 39. Kf3 h5 40. a4 h4 41. a5 hxg3 42. hxg3 Ra4 43. a6 Kf6 44. Ra8 Kg7 45. Ke2 Ra3 46. Kf3 Kf6 47. Ra7 Ra4 48. e4 Ra3+ 49. Kg4 Ra4 50. Kf4 Ke6 51. Ra8 Kf6 52. g4 g5+ 53. Ke3 Ke6 54. a7 Kf6 55. Kd3 Kg7 56. Kc3 f6 57. Kb3 Ra1 58. Kc4 Ra4+ 59. Kb5 Ra1 60. Kb6 Rb1+ 61. Kc6 Rc1+ 62. Kd6 Rd1+ 63. Ke6 Ra1 64. Rd8 Ra6+ 65. Rd6 Rxa7 66. Rd7+ Rxd7 67. Kxd7 Kh7 68. Kd6 Kh6 69. Kc6 Kg6 70. Kd7 Kh7 71. Kc6 Kg6 72. Kd5 Kh7 73. Kc5 Kg7 74. Kc6 Kg6 75. Kc7 Kg7 76. Kc8 Kg8 77. Kd8 Kh8 78. Ke8 Kg8 79. Ke7 Kg7 80. Kd6 Kh6 81. Kd5 Kh7 82. Kc4 Kg6 83. Kd4 Kh6 84. Kc5 Kg7 85. Kd5 Kh7 1/2-1/2

[Event "European School-ch 2019"]
[Site "Mamaia"]
[Date "2019.06.01"]
[Round "2.16"]
[White "Sustov, Savva"]
[Black "Simonyan, Grigori"]
[Result "0-1"]
[ECO "B90"]
[WhiteElo "1693"]
[BlackElo "2019"]
[Annotator "NA"]
[PlyCount "120"]
[EventDate "2019.05.31"]
[EventType "swiss"]
[EventCountry "ROU"]
[SourceTitle "playchess.com"]
[Source "ChessBase"]
[SourceQuality "1"]
[TimeControl "40/5400+30:1800+30"]

1. e4 c5 2. Nf3 d6 3. d4 cxd4 4. Nxd4 Nf6 5. Nc3 a6 6. f3 e5 7. Nb3 Be6 8. Be3 h5 9. Qd2 Nbd7 10. O-O-O Be7 11. Rg1 b5 12. Qf2 Rc8 13. Nd5 Nxd5 14. exd5 Bf5 15. Bd3 Bxd3 16. Rxd3 a5 17. Kb1 a4 18. Nc1 f5 19. Qe2 O-O 20. f4 Qe8 21. Re1 Bf6 22. g3 Rc4 23. fxe5 Qxe5 24. c3 Re4 25. Bf4 Rxe2 26. Rxe2 Qxe2 27. Nxe2 Nc5 28. Rd1 Ne4 29. Nd4 a3 30. Nxb5 Rb8 31. c4 axb2 32. Rd3 Nc5 33. Bxd6 Re8 34. Rd1 Nd3 35. Kc2 Nf2 36. Rb1 Re2+ 37. Kb3 Nd3 38. Nc3 Nc1+ 39. Kb4 Rc2 40. Na4 Nd3+ 41. Kb3 Rc1 42. Rxb2 Nxb2 43. Nxb2 Bxb2 44. Kxb2 Rxc4 45. Bf4 h4 46. d6 h3 47. Kb3 Rd4 48. a4 g5 49. Be5 Rd3+ 50. Kc4 Rd2 51. a5 Kf7 52. a6 Rxh2 53. Kb3 Ra2 54. g4 f4 55. Kxa2 h2 56. d7 Ke7 57. Bf6+ Kxd7 58. Bxg5 h1=Q 59. Bxf4 Qf1 60. a7 Qa6+ 0-1

[Event "European School-ch 2019"]
[Site "Mamaia"]
[Date "2019.06.01"]
[Round "2.17"]
[White "Dobre, Radu-Fabian"]
[Black "Aubury, Benjamin"]
[Result "1-0"]
[ECO "B13"]
[WhiteElo "1978"]
[BlackElo "1681"]
[Annotator "NA"]
[PlyCount "81"]
[EventDate "2019.05.31"]
[EventType "swiss"]
[EventCountry "ROU"]
[SourceTitle "playchess.com"]
[Source "ChessBase"]
[SourceQuality "1"]
[TimeControl "40/5400+30:1800+30"]

1. e4 c6 2. d4 d5 3. exd5 cxd5 4. Bd3 Nc6 5. c3 Nf6 6. Bf4 Bg4 7. Qb3 Qd7 8. Nd2 e6 9. Ngf3 Bd6 10. Bxd6 Qxd6 11. O-O O-O 12. Rae1 Ne7 13. Ne5 Bf5 14. Bxf5 Nxf5 15. f4 Qb6 16. Qc2 Rac8 17. Qb1 h5 18. g3 Rfd8 19. Kg2 Ng4 20. Rf3 a5 21. h3 Nf6 22. Rff1 Nd6 23. g4 Nfe4 24. Ndf3 h4 25. Qc1 Nb5 26. Qa1 f6 27. Nd3 Qc7 28. Nxh4 g5 29. Nf3 gxf4 30. Qc1 Qc4 31. Nxf4 Kf7 32. a3 Rh8 33. Qe3 Qa2 34. Re2 Rcg8 35. Nd3 Ke7 36. Nd2 Ng5 37. Nf4 Nc7 38. Qg3 Qxb2 39. h4 Nf7 40. Rb1 Qxc3 41. Qxc3 1-0

[Event "European School-ch 2019"]
[Site "Mamaia"]
[Date "2019.06.01"]
[Round "2.18"]
[White "Ince, Taylan Ruzgar"]
[Black "Nastore, Pavel-Alexandru"]
[Result "0-1"]
[ECO "B51"]
[WhiteElo "1654"]
[BlackElo "1942"]
[Annotator "NA"]
[PlyCount "68"]
[EventDate "2019.05.31"]
[EventType "swiss"]
[EventCountry "ROU"]
[SourceTitle "playchess.com"]
[Source "ChessBase"]
[SourceQuality "1"]
[TimeControl "40/5400+30:1800+30"]

1. e4 c5 2. Nf3 d6 3. Bb5+ Nd7 4. a4 Ngf6 5. Nc3 a6 6. Bc4 e6 7. a5 Nxe4 8. Nxe4 d5 9. Qe2 dxc4 10. Qxc4 b5 11. axb6 Nxb6 12. Qe2 c4 13. Ne5 Qd5 14. d4 Qxd4 15. Ng5 Bb4+ 16. Kf1 c3 17. b3 Bd7 18. Nxd7 Qxd7 19. g3 Qd5 20. Nf3 O-O 21. Kg2 a5 22. Be3 Qc6 23. Rhe1 Nd5 24. Bd4 Rfd8 25. Kg1 Ne7 26. Ne5 Qa6 27. Be3 Nf5 28. Qxa6 Rxa6 29. Nd3 Rad6 30. Ra4 Nd4 31. Bxd4 Rxd4 32. f3 g6 33. Kf2 Kg7 34. Re4 Rxe4 0-1

[Event "European School-ch 2019"]
[Site "Mamaia"]
[Date "2019.06.01"]
[Round "2.19"]
[White "Warchol, Kamil"]
[Black "Samunenkov, Ihor"]
[Result "0-1"]
[ECO "C55"]
[WhiteElo "1639"]
[BlackElo "1972"]
[Annotator "NA"]
[PlyCount "120"]
[EventDate "2019.05.31"]
[EventType "swiss"]
[EventCountry "ROU"]
[SourceTitle "playchess.com"]
[Source "ChessBase"]
[SourceQuality "1"]
[TimeControl "40/5400+30:1800+30"]

1. e4 e5 2. Nf3 Nc6 3. Bc4 Nf6 4. d3 h6 5. c3 d6 6. Nbd2 g6 7. Nf1 Bg7 8. Ng3 O-O 9. O-O Kh8 10. h3 Na5 11. Bb5 a6 12. Ba4 b5 13. Bc2 Bb7 14. Nh2 d5 15. Qe2 Re8 16. h4 h5 17. Bg5 Qd6 18. f4 exf4 19. Rxf4 Nh7 20. Rf3 Nxg5 21. hxg5 d4 22. c4 bxc4 23. dxc4 Qb6 24. Bd3 Nxc4 25. Rxf7 Ne5 26. Rf2 h4 27. Ngf1 Rf8 28. b3 Rxf2 29. Kxf2 Rf8+ 30. Kg1 Nxd3 31. Qxd3 Bxe4 32. Qxe4 d3+ 33. Kh1 Bxa1 34. Qxd3 Qe6 35. Nf3 h3 36. Ng3 Qd6 37. Qxd6 cxd6 38. Kg1 hxg2 39. Kxg2 d5 40. Ne2 Rc8 41. Ned4 Re8 42. Kf2 Re4 43. Nc2 Bc3 44. Nce1 Ba5 45. Nc2 Kg7 46. a3 Kf7 47. Kf1 Bc3 48. Kf2 Ke6 49. Kf1 d4 50. Nce1 Kd5 51. Kf2 Bxe1+ 52. Nxe1 Re3 53. Nc2 Rxb3 54. Ke1 Kc4 55. Kd2 Rh3 56. Ne1 Rh2+ 57. Kd1 Kc3 58. a4 Rh1 59. Ke2 Rxe1+ 60. Kxe1 Kc2 0-1

[Event "European School-ch 2019"]
[Site "Mamaia"]
[Date "2019.06.01"]
[Round "2.20"]
[White "Cnejev, Vladimir-Alexandru"]
[Black "Durak, Can"]
[Result "0-1"]
[ECO "B30"]
[WhiteElo "1970"]
[BlackElo "1646"]
[Annotator "NA"]
[PlyCount "136"]
[EventDate "2019.05.31"]
[EventType "swiss"]
[EventCountry "ROU"]
[SourceTitle "playchess.com"]
[Source "ChessBase"]
[SourceQuality "1"]
[TimeControl "40/5400+30:1800+30"]

1. e4 c5 2. Nf3 Nc6 3. c3 Nf6 4. e5 Nd5 5. d4 cxd4 6. cxd4 e6 7. a3 d6 8. Bd3 g6 9. O-O Bg7 10. Qe2 O-O 11. h4 Qb6 12. Qe4 f5 13. exf6 Nxf6 14. Qf4 d5 15. Nc3 Nh5 16. Qg4 Nxd4 17. Ng5 Nf5 18. Na4 Qd4 19. Qxd4 Nxd4 20. Be3 Nf4 21. Bxf4 Rxf4 22. g3 Nf3+ 23. Nxf3 Rxf3 24. Rad1 b6 25. Kg2 Rxd3 26. Rxd3 Ba6 27. Rfd1 Bxd3 28. Rxd3 Rc8 29. Nc3 Bxc3 30. bxc3 Rc4 31. Kf3 Ra4 32. Ke3 Kf7 33. Rd2 Rxa3 34. Kd4 Ra4+ 35. Ke5 Ke7 36. f3 b5 37. Rb2 a6 38. g4 h6 39. Re2 Ra3 40. Rc2 Ra4 41. Rg2 Rc4 42. Ra2 Ra4 43. Rg2 Ra1 44. Re2 Rf1 45. Kf4 g5+ 46. hxg5 hxg5+ 47. Ke3 Rc1 48. Kd4 Rf1 49. Ke3 Ra1 50. Rh2 Ra3 51. Kd4 Kd6 52. Rh6 b4 53. c4 dxc4 54. Kxc4 Rxf3 55. Kxb4 Rf4+ 56. Ka5 Rxg4 57. Kxa6 Kd5 58. Kb5 e5 59. Rh8 Rd4 60. Rg8 g4 61. Rg6 Rf4 62. Rg5 Kd4 63. Kb4 Ke3+ 64. Kc3 e4 65. Kc2 Kf2 66. Kd1 e3 67. Re5 g3 68. Kc2 g2 0-1

[Event "European School-ch 2019"]
[Site "Mamaia"]
[Date "2019.06.01"]
[Round "2.21"]
[White "Grishin, Petr E."]
[Black "Magold, Filip"]
[Result "0-1"]
[ECO "A20"]
[WhiteElo "1566"]
[BlackElo "1906"]
[Annotator "NA"]
[PlyCount "84"]
[EventDate "2019.05.31"]
[EventType "swiss"]
[EventCountry "ROU"]
[SourceTitle "playchess.com"]
[Source "ChessBase"]
[SourceQuality "1"]
[TimeControl "40/5400+30:1800+30"]

1. c4 e5 2. g3 Nf6 3. Bg2 c6 4. Nf3 Qc7 5. O-O d5 6. cxd5 cxd5 7. b3 Bd6 8. Bb2 Nc6 9. Nc3 a6 10. d3 O-O 11. Rc1 Qe7 12. Na4 Bf5 13. Nd2 Rad8 14. h3 Rfe8 15. g4 Be6 16. Nc3 h6 17. e4 Ba3 18. Bxa3 Qxa3 19. f4 exf4 20. Rxf4 Ne5 21. Ndb1 Qd6 22. d4 dxe4 23. Nxe4 Nxe4 24. Rxe4 Nc6 25. d5 Qxd5 26. Qxd5 Rxd5 27. Rec4 Rd3 28. Bxc6 bxc6 29. Rxc6 Rxh3 30. R6c4 Rd3 31. Rc6 Rh3 32. Re1 Rd8 33. Rxa6 Rdd3 34. Ra4 Bd5 35. Rf4 Rdg3+ 36. Kf1 Rg2 37. Rfe4 Rxa2 38. Kg1 Bxe4 39. Rxe4 Rxb3 40. Re1 Rab2 41. Rf1 Rxb1 42. Rxb1 Rxb1+ 0-1

[Event "European School-ch 2019"]
[Site "Mamaia"]
[Date "2019.06.01"]
[Round "2.22"]
[White "Gurel, Ediz"]
[Black "Kraiukhin, Leonid"]
[Result "1-0"]
[ECO "B32"]
[WhiteElo "1914"]
[BlackElo "1593"]
[Annotator "NA"]
[PlyCount "103"]
[EventDate "2019.05.31"]
[EventType "swiss"]
[EventCountry "ROU"]
[SourceTitle "playchess.com"]
[Source "ChessBase"]
[SourceQuality "1"]
[TimeControl "40/5400+30:1800+30"]

1. e4 c5 2. Nf3 Nc6 3. d4 cxd4 4. Nxd4 e5 5. Nb5 d6 6. N1c3 a6 7. Na3 b5 8. Nd5 Nf6 9. Bg5 Be7 10. Bxf6 Bxf6 11. c4 b4 12. Nc2 O-O 13. Be2 a5 14. O-O Bg5 15. Bg4 Ne7 16. Nce3 Bxe3 17. Nxe3 Be6 18. Qd2 Qc7 19. b3 Rad8 20. Rfd1 Kh8 21. Qe2 Nc6 22. Nc2 Qc8 23. Bf3 f5 24. exf5 Bxf5 25. Bxc6 Qxc6 26. Ne3 Bc8 27. Nd5 Bb7 28. Qe3 Rd7 29. Rd2 Rdf7 30. Rad1 Bc8 31. Qb6 Qxb6 32. Nxb6 Bb7 33. Nd5 h6 34. f3 Kh7 35. Ne3 e4 36. fxe4 Bxe4 37. Rxd6 Rf2 38. R6d2 R2f6 39. Rf1 Rxf1+ 40. Nxf1 a4 41. Ne3 axb3 42. axb3 Ra8 43. Kf2 Ra1 44. c5 Rc1 45. Rd4 Ba8 46. Rc4 Rxc4 47. Nxc4 Bd5 48. Na5 Kg6 49. c6 Kf6 50. c7 Be6 51. Nc4 Ke7 52. Nb6 1-0